 Dungeon Crawl Stone Soup version 0.30-a0-1053-gbd8d5ba0ad (webtiles) character file.

Game seed: 12091878458294020248

9594 NinjaNoafa the Fighter (level 11, 0/86 HPs)
             Began as a Djinni Fire Elementalist on Apr 11, 2023.
             Was a Follower of Ashenzari.
             Shot with an arrow by a centaur warrior (12 damage)
             ... on level 10 of the Dungeon.
             The game lasted 00:28:31 (8012 turns).

NinjaNoafa the Fighter (Djinni Fire Elementalist)   Turns: 8012, Time: 00:28:32

Health: 0/86       AC: 11    Str:  7    XL:     11   Next: 77%
Gold:   1662       EV: 15    Int: 21    God:    Ashenzari [*.....] SH:  0 Dex: 14

rFire   + + .      SeeInvis +    G - +4 flail of Fatigue {venom, Contam rElec SInv Stlth+}
rCold   x . .      Faith    .    (no shield)
rNeg    . . .      Spirit   .    b - +0 troll leather armour {Pargi}
rPois   ∞          Reflect  .    o - +0 helmet of Toth-Mos's Legacy {Melee, Fort} (curse)
rElec   +          Rampage  .    t - +0 cloak {rPois}
rCorr   .                        l - +0 pair of gloves of the Eternal Fanaticism {Evo, Cun} (curse)
Will    ++...                    (boots unavailable)
Stlth   +++                      (no amulet)
HPRegen 1.14/turn                y - +4 ring of protection
MPRegen 0.00/turn                v - ring of willpower

@: about to teleport, flying
A: sickness immunity, fire resistance 2, cold vulnerability 1, float, innate
caster, HP casting, extra vitality 1
a: Renounce Religion, Shatter the Chains


You were on level 10 of the Dungeon.
You worshipped Ashenzari.
Ashenzari was aware of your devotion.
You visited 2 branches of the dungeon, and saw 11 of its levels.
You also visited: Ossuary.

You collected 1662 gold pieces.

Inventory:

Hand Weapons
 u - the +4 hammer of Disharmony {pain, Dex+4}
   (You found it on level 2 of the Dungeon)

   Dex:       It affects your dexterity (+4).
 G - the +4 flail of Fatigue (weapon) {venom, Contam rElec SInv Stlth+}
   (You found it on level 5 of the Dungeon)

   rElec:     It insulates you from electricity.
   SInv:      It lets you see invisible.
   Contam:    It causes magical contamination when unequipped.
   Stlth:     It makes you more stealthy.
Missiles
 h - 6 boomerangs
 i - 30 poisoned darts
 z - 3 boomerangs of dispersal
 I - 3 javelins
Armour
 b - a +0 troll leather armour (worn) {Pargi}
 l - the cursed +0 pair of gloves of the Eternal Fanaticism (worn) {Evo, Cun}
   (You found it on level 2 of the Dungeon)

   It has a curse which improves the following skills: Evocations: Evocations.
   Cunning:   Dodging and Stealth.
 o - the cursed +0 helmet of Toth-Mos's Legacy (worn) {Melee, Fort}
   (You took it off Robin on level 2 of the Dungeon)

   It has a curse which improves the following skills: Melee Combat: Short
   Blades, Long Blades, Axes, Maces & Flails, Polearms, Staves and Unarmed
   Combat.
   Fortitude: Armour and Shields.
 t - a +0 cloak of poison resistance (worn)
Jewellery
 q - a ring of ice
 v - a ring of willpower (right hand)
 y - a +4 ring of protection (left hand)
 E - a ring of fire
Wands
 a - a wand of iceblast (4)
 p - a wand of polymorph (7)
 r - a wand of flame (6)
Scrolls
 e - a scroll of blinking
 f - 9 scrolls of teleportation
 g - 2 scrolls of poison
 j - 6 scrolls of immolation
 s - a scroll of fear
 F - a scroll of noise
 H - a scroll of vulnerability
 K - a scroll of enchant weapon
Potions
 c - 5 potions of lignification
 d - 2 potions of resistance
 k - 6 potions of might
 m - 4 potions of mutation
 n - 2 potions of attraction
 w - 5 potions of curing
 x - a potion of haste
 A - a potion of berserk rage
 C - a potion of ambrosia


   Skills:
 + Level 10.4 Fighting
 + Level 8.3(9.1) Dodging
 - Level 1.5(2.1) Stealth
 - Level 10.0 Spellcasting


You knew the following spells:

 Your Spells              Type           Power      Damage    Failure   Level
a - Foxfire               Conj/Fire      100%       2x1d9     1%          1
b - Scorch                Fire           100%       2d9       1%          2
c - Volatile Blastmotes   Fire/Tloc      100%       2d18      1%          3
d - Inner Flame           Hex/Fire       51%        N/A       1%          3
e - Swiftness             Air            51%        N/A       1%          3
f - Leda's Liquefaction   Hex/Erth       25%        N/A       1%          4
g - Lesser Beckoning      Tloc           100%       N/A       1%          2
h - Tukima's Dance        Hex            51%        N/A       1%          3
i - Flame Wave            Conj/Fire      51%        2d13      1%          4
j - Summon Small Mammal   Summ           100%       N/A       1%          1
Your spell library was empty.

Dungeon Overview and Level Annotations

Branches:
Dungeon (10/15)            Temple (1/1) D:7            Lair (0/5) D:10
Ossuary (visited)
    Orc: D:9-12

Altars:
Ashenzari
Cheibriados
Dithmenos
Elyvilon
Fedhas
Gozag
Hepliaklqana
Makhleb
Nemelex Xobeh
Okawaru
Qazlal
Ru
Trog
Uskayaw
Wu Jian
Xom
Yredelemnul
Zin
The Shining One

Shops:
D:8 (


Innate Abilities, Weirdness & Mutations

You are immune to sickness and miasma.
You are immune to poison.
Your flesh is very heat resistant. (rF++)
You are vulnerable to cold. (rC-)
You float through the air rather than walking.
You learn spells naturally, not from books.
Your magical power is your life essence.
You have superior vitality. (+4 MHP)


Message History

The komodo dragon is severely wounded.
You are knocked back by the blast.
The centaur warrior wields a +0 longbow.
The centaur warrior shoots an arrow.
The arrow barely misses you.
The green ugly thing is engulfed in blazing flames.
Flame seeps out of the green ugly thing.
Unknown command.
Unknown command.
Casting: Flame Wave (dangerous; 1% risk of failure)
Press: ? - help, Q - select action, (/) - cycle Dir - look around, f - activate A wave of flame ripples out!
The flame wave engulfs the centaur warrior!
The centaur warrior is heavily wounded. (Press . to intensify the flame waves.)
* * * LOW HITPOINT WARNING * * *
The centaur warrior unwields a +0 longbow.
The centaur warrior hits you!
* * * LOW HITPOINT WARNING * * *
The centaur warrior kicks you but does no damage.
You feel much better. The centaur warrior closely misses you.
The centaur warrior kicks you but does no damage.
The green ugly thing closely misses you.
The centaur warrior misses you. The centaur warrior barely misses you.
The komodo dragon bites you!!
* * * LOW HITPOINT WARNING * * *
The centaur warrior hits you.
* * * LOW HITPOINT WARNING * * *
The centaur warrior kicks you.
* * * LOW HITPOINT WARNING * * *
As you read the scroll of teleportation, it crumbles to dust.
You feel strangely unstable. The centaur warrior hits you.
* * * LOW HITPOINT WARNING * * *
The centaur warrior kicks you but does no damage.
The komodo dragon closely misses you. The green ugly thing misses you.
Unknown command.
The komodo dragon attacks as you move away!
The komodo dragon misses you.
The centaur warrior wields a +0 longbow.
The centaur warrior shoots an arrow.
The arrow hits you!
You die...

#..##.. ##.....##
##.......###
##..........####
#..............#
#..............#
#######.........uc†.##
.......#.........l..#
...............@..#.#
..............#####.#
..............# ...
####..........# #...#
##....#....# #...#
##...#....# .###.
#...##..## . !
##..##### ## ## #..##
#..


You could see a green ugly thing (inner flame), a centaur warrior and a komodo
dragon.

Vanquished Creatures
  A two-headed ogre (D:9)
  5 large abominations (D:9)
  A wizard (D:9)
  A deep elf pyromancer (D:7)
  Psyche (D:8)
  3 kobold demonologists (D:9)
  7 small abominations (D:9)
  A dancing weapon (D:7)
  5 yaks (D:10)
  A wyvern (D:10)
  A basilisk (D:10)
  A vampire mosquito (D:10)
  4 water moccasins
  Pargi (D:4)
  4 ogres
  A black bear (D:8)
  5 ice beasts
  2 sky beasts
  2 kobold brigands
  A phantom (D:5)
  2 bullfrogs
  3 scorpions
  A gnoll sergeant (D:7)
  5 wights (D:8)
  4 killer bees
  6 howler monkeys
  3 hounds (D:5)
  Crazy Yiuf (D:2)
  A jelly (D:6)
  A sleepcap (D:6)
  Jessica (D:3)
  3 iguanas
  Ijyb (D:4)
  Terence (D:2)
  5 orc wizards
  5 mummies (Ossuary)
  Robin (D:2)
  4 adders
  5 gnolls (D:7)
  3 shadow imps (D:8)
  5 white imps
  3 ufetubi
  2 worms (D:3)
  7 dart slugs
  20 orcs
  4 bats
  7 endoplasms
  3 giant cockroaches
  A gnoll zombie (Ossuary)
  14 goblins
  10 hobgoblins
  18 kobolds
  8 quokkas
  8 ball pythons
  2 frilled lizards (D:2)
  2 hobgoblin zombies (Ossuary)
  4 kobold zombies (Ossuary)
  10 rats
  A bush (D:10)
233 creatures vanquished.

Vanquished Creatures (collateral kills)
  Sigmund (D:5)
  3 mummies (Ossuary)
  A goblin (D:4)
  A hobgoblin (D:4)
  A kobold (D:2)
  An orc zombie (Ossuary)
8 creatures vanquished.

Vanquished Creatures (others)
  246 foxfires
  2 fungi (D:10)
  14 plants (D:10)
262 creatures vanquished.

Grand Total: 503 creatures vanquished

Notes
Turn   | Place    | Note
-------+----------+-------------------------------------------
     0 | D:1      | NinjaNoafa the Djinni Fire Elementalist began the quest for
                  | the Orb.
     0 | D:1      | NinjaNoafa set off with the following spells memorised:
                  | Foxfire, Scorch, Volatile Blastmotes, Inner Flame, Flame
                  | Wave.
     0 | D:1      | Reached XP level 1. HP: 15/15 MP: 0/0
   159 | D:1      | Reached XP level 2. HP: 20/22 MP: 0/0
   298 | D:1      | Found a faded altar of an unknown god.
   400 | D:1      | Reached skill level 1 in Fighting
   447 | D:1      | Reached XP level 3. HP: 16/27 MP: 0/0
   447 | D:1      | Learned a level 1 spell: Summon Small Mammal
  1066 | D:2      | Found a shimmering altar of Xom.
  1094 | D:2      | Reached XP level 4. HP: 5/33 MP: 0/0
  1298 | D:2      | Noticed Terence
  1315 | D:2      | Killed Terence
  1496 | D:2      | Reached XP level 5. HP: 37/38 MP: 0/0
  1496 | D:2      | Learned a level 2 spell: Lesser Beckoning
  1531 | D:2      | Noticed Robin
  1537 | D:2      | Killed Robin
  1642 | D:2      | Found a runed translucent door.
  1643 | D:2      | Noticed Crazy Yiuf
  1820 | D:2      | Killed Crazy Yiuf
  1846 | D:2      | Identified the +4 hammer of Disharmony {pain, Dex+4}
  1894 | D:3      | Noticed Jessica
  1897 | D:3      | Killed Jessica
  2140 | D:3      | Reached XP level 6. HP: 43/45 MP: 0/0
  2564 | D:4      | Noticed Pargi
  2567 | D:4      | Found a sand-covered staircase.
  2567 | D:4      | Noticed Ijyb
  2573 | D:4      | Killed Pargi
  2575 | D:4      | Killed Ijyb
  2642 | Ossuary  | Entered an ossuary
  2750 | Ossuary  | Reached XP level 7. HP: 33/50 MP: 0/0
  2750 | Ossuary  | Learned a level 3 spell: Tukima's Dance
  2763 | Ossuary  | Reached skill level 5 in Spellcasting
  3473 | D:5      | Entered Level 5 of the Dungeon
  3514 | D:5      | Noticed Sigmund
  3524 | D:5      | Killed Sigmund
  3536 | D:5      | Noticed a water moccasin
  3554 | D:5      | Killed a water moccasin
  3555 | D:5      | Reached XP level 8. HP: 37/58 MP: 0/0
  3626 | D:5      | Reached skill level 5 in Fighting
  3824 | D:5      | Identified the +4 flail of Fatigue {venom, Contam rElec
                  | SInv Stlth+}
  4162 | D:6      | Reached XP level 9. HP: 66/66 MP: 0/0
  4162 | D:6      | Learned a level 3 spell: Swiftness
  5302 | D:7      | Found a sacrificial altar of Ru.
  5740 | D:7      | Found a staircase to the Ecumenical Temple.
  5752 | Temple   | Entered the Ecumenical Temple
  5994 | Temple   | Became a worshipper of Ashenzari the Shackled
  6087 | D:7      | Noticed a deep elf pyromancer
  6101 | D:7      | Killed a deep elf pyromancer
  6102 | D:7      | Reached XP level 10. HP: 43/75 MP: 0/0
  6341 | D:8      | Found Vaunu's Weapon Shop.
  6476 | D:8      | Noticed Psyche
  6486 | D:8      | Killed Psyche
  6723 | D:8      | Identified a scroll of acquirement
  6755 | D:9      | Noticed a two-headed ogre
  6764 | D:9      | Killed a two-headed ogre
  6913 | D:9      | Noticed a kobold demonologist
  6923 | D:9      | Killed a kobold demonologist
  6924 | D:9      | Reached skill level 10 in Spellcasting
  7085 | D:9      | Noticed a wizard
  7106 | D:9      | Killed a wizard
  7107 | D:9      | Reached XP level 11. HP: 84/84 MP: 0/0
  7107 | D:9      | Learned a level 4 spell: Leda's Liquefaction
  7138 | D:9      | Noticed a large abomination
  7138 | D:9      | Noticed a large abomination
  7162 | D:9      | Killed a large abomination
  7163 | D:9      | Reached skill level 10 in Fighting
  7167 | D:9      | Killed a large abomination
  7169 | D:9      | Reached skill level 5 in Dodging
  7442 | D:9      | Acquired 1008 gold pieces
  7840 | D:10     | Entered Level 10 of the Dungeon
  7881 | D:10     | Found a staircase to the Lair.
  7901 | D:10     | Reached * piety under Ashenzari
  7992 | D:10     | Noticed a green ugly thing
  7997 | D:10     | Noticed a centaur warrior
  8012 | D:10     | Shot with an arrow by a centaur warrior

Illustrated notes

Levels and vault maps discovered:
D:1:      dpeg_arrival_concentric_ovals, layout_basic,
          hellmonk_ecumenical_altar_crossroads, minmay_splitting_lines
D:2:      layout_rooms, basic_altar, hangedman_feature_mirror, uniq_robin,
          uniq_crazy_yiuf_cottage, uniq_terence
D:3:      layout_basic, uniq_jessica
D:4:      layout_loops_ring, nicolae_ossuary_entry_ruins,
          minmay_misc_feat_encased, nicolae_elevator_lobby_asterisk, uniq_pargi,
          uniq_ijyb
D:5:      layout_basic, uniq_sigmund
D:6:      layout_layer_cave
D:7:      layout_basic, nicolae_ru_great_annihilating_truth,
          minmay_temple_entry_drinking_statues
D:8:      layout_rooms, serial_shops, nicolae_shop_statue_plus, serial_demonic,
          serial_demonic_e, serial_demonic_e, serial_demonic_g,
          serial_demonic_b, serial_demonic_c, uniq_psyche
D:9:      layout_basic, laboratory
D:10:     minmay_blocky_corners, layout_layer_cave, minmay_lair_entry_grove
Temple:   mainiacjoe_temple_hex_bubbles

Skill      XL: |  1  2  3  4  5  6  7  8  9 10 11 |
---------------+----------------------------------+-----
Fighting       | 1 2 3 4 5 7 9 10 | 10.4
Spellcasting   | 3 4 5 7 8 10 | 10.0
Dodging        | 8 |  8.3
Stealth        | |  1.5

Action                     |  1- 3 |  4- 6 |  7- 9 | 10-12 || total
---------------------------+-------+-------+-------+-------++-------
  Melee: Unarmed           |     3 |       |       |       ||     3
         Dagger            |     1 |    14 |     2 |       ||    17
         Flail             |       |       |     3 |     2 ||     5
   Cast: Foxfire           |    42 |    78 |    27 |     3 ||   150
         Scorch            |    14 |    17 |    32 |    16 ||    79
         Summon Small Mamm |       |     4 |    10 |     2 ||    16
         Volatile Blastmot |       |     6 |    33 |    36 ||    75
         Inner Flame       |       |     3 |     9 |    16 ||    28
         Flame Wave        |       |     1 |    11 |    16 ||    28
         Tukima's Dance    |       |       |     7 |       ||     7
         Swiftness         |       |       |     1 |     2 ||     3
         Leda's Liquefacti |       |       |       |     2 ||     2
 Invoke: Curse Item        |       |       |       |     2 ||     2
    Use: Scroll            |       |     9 |     2 |    12 ||    23
         Potion            |       |       |       |     5 ||     5
 Armour: Robe              |     8 |    15 |       |       ||    23
         Troll leather arm |       |     2 |    25 |    54 ||    81
  Dodge: Dodged            |    25 |    38 |    34 |    56 ||   153

Table legend: (Time is in decaauts)
 A = Elapsed time spent in this place.
 B = Non-inter-level travel time spent in this place.
 C = Inter-level travel time spent in this place.
 D = Time resting spent in this place.
 E = Time spent auto-exploring this place.
 F = Levels seen in this place.
 G = Mean time per level.
                   A        B        C        D        E       F      G
               +--------+--------+--------+--------+--------+-----+--------+
         Total |   8022 |   7637 |    385 |    243 |   5541 |  12 |  668.5 |
       Dungeon |   7465 |   7096 |    369 |    135 |   5195 |  10 |  746.5 |
        Temple |    258 |    242 |     16 |      0 |    232 |   1 |  258.0 |
       Ossuary |    297 |    297 |      0 |    108 |    114 |   1 |  297.0 |
               +--------+--------+--------+--------+--------+-----+--------+

Top non-repeatable levels by time:
     D:6: 1194 daAuts
     D:1: 1189 daAuts
     D:9: 1136 daAuts
     D:7: 807 daAuts
     D:4: 751 daAuts
     D:2: 682 daAuts
     D:5: 609 daAuts
     D:3: 545 daAuts
     D:8: 412 daAuts
 Ossuary: 297 daAuts
  Temple: 258 daAuts
    D:10: 137 daAuts
